 Dungeon Crawl Stone Soup version 0.22-a0-469-gf26638a (webtiles) character file.

177 KristoblXynda the Ruffian (level 5, -4/45 HPs)
             Began as a Troll Wizard on June 13, 2018.
             Slain by a gnoll
             ... wielding a +0 spear
              (10 damage)
             ... on level 2 of the Dungeon.
             The game lasted 00:02:34 (992 turns).

KristoblXynda the Ruffian (Troll Wizard)             Turns: 992, Time: 00:02:34

Health: -4/45      AC:  6    Str: 15    XL:     5   Next: 31%
Magic:  7/7        EV:  9    Int: 15    God:
Gold:   75         SH:  0    Dex:  8    Spells: 7/8 levels left

rFire    . . .     SeeInvis .     - Unarmed
rCold    . . .     Gourm    +   (no shield)
rNeg     . . .     Faith    .   a - +0 robe
rPois    .         Spirit   .   b - +0 hat
rElec    .         Reflect  .   e - +0 cloak (curse)
rCorr    .         Harm     .   (gloves unavailable)
MR       .....                  (boots unavailable)
Stlth    +.........             (no amulet)
HPRegen  0.55/turn              (no ring)
MPRegen  0.10/turn              (no ring)

@: no status effects
A: large, unfitting armour, claws 3, fast metabolism 3, gourmand, regeneration
1, shaggy fur 1, tough skin 2
a: no special abilities


You were on level 2 of the Dungeon.
You were full.

You visited 1 branch of the dungeon, and saw 2 of its levels.

You collected 75 gold pieces.

Inventory:

Armour
 a - a +0 robe (worn)
 b - a +0 hat (worn)
 e - a cursed +0 cloak (worn)
Scrolls
 f - a scroll of identify {unknown}
 g - a scroll of enchant weapon {unknown}
 h - a scroll of fog {unknown}
Potions
 c - a potion of flight {unknown}
 i - a potion of curing {unknown}
Comestibles
 d - 4 rations


   Skills:
 - Level 1.5 Dodging
 - Level 1.0 Stealth
 * Level 3.4 Unarmed Combat
 - Level 2.0 Spellcasting
 * Level 2.7 Conjurations
   Level 0.6 Summonings
   Level 0.6 Translocations


You had 7 spell levels left.
You knew the following spells:

 Your Spells              Type           Power        Failure   Level  Hunger
a - Magic Dart            Conj           #...         7%          1    #......

Your spell library contained the following spells:

 Spells                   Type           Power        Failure   Level  Hunger
 Conjure Flame            Conj/Fire      #.......     36%         3    ###....
 Slow                     Hex            #.......     32%         2    ###....
 Mephitic Cloud           Conj/Pois/Air  #.......     41%         3    ###....
 Blink                    Tloc           N/A          26%         2    ###....
 Call Imp                 Summ           #.......     26%         2    ###....


Dungeon Overview and Level Annotations

Branches:
Dungeon (2/15)

Altars:


Innate Abilities, Weirdness & Mutations

You are too large for most types of armour.
You have claws for hands.
Your metabolism is lightning-fast.
You like to eat raw meat.
Your natural rate of healing is unusually fast.
You are covered in fur. (AC +1)
You have very tough skin. (AC +2)


Message History

The gnoll hits you but does no damage. The gnoll hits you with a spear!
* * * LOW HITPOINT WARNING * * *
You scratch the gnoll.
The gnoll is moderately wounded.
You scratch the gnoll.
The gnoll is heavily wounded.
The gnoll completely misses you. The gnoll barely misses you.
You claw the gnoll!
The gnoll is almost dead.
The gnoll barely misses you. The gnoll hits you.
* * * LOW HITPOINT WARNING * * *
You barely miss the gnoll.
The gnoll is almost dead.
The gnoll closely misses you. The gnoll hits you.
* * * LOW HITPOINT WARNING * * *
You barely miss the gnoll.
The gnoll is almost dead.
The gnoll hits you with a spear!
You die...

#.###.## #.##...#### #.
#.#.......#
#.####.##...##.#
#...........##.#
#.####.###..##.########
#.# #.# #..##........<
#.# #.# #.............
#.####@# #...#########.
#....gg# #...# #.
#.###### #.... ###. #†#
#....## #.##>.. #g#
#.#.## #...... #g#
#.#.# ####.#. #.# #.#.#
#.#. #)# #. ####.#. #.#
...<....


You could see 2 gnolls.

Vanquished Creatures
  A phantom (D:2)
  A worker ant (D:2)
  2 gnolls
  An adder (D:2)
  An ooze (D:1)
  4 giant cockroaches
  4 hobgoblins
  A quokka (D:2)
  7 bats
  A frilled lizard (D:1)
  6 goblins
  5 kobolds
  A rat (D:1)
35 creatures vanquished.

Notes
Turn   | Place    | Note
-------+----------+-------------------------------------------
     0 | D:1      | KristoblXynda the Troll Wizard began the quest for the Orb.
     0 | D:1      | Reached XP level 1. HP: 16/16 MP: 2/2
   110 | D:1      | Reached skill level 1 in Conjurations
   146 | D:1      | Reached skill level 1 in Unarmed Combat
   146 | D:1      | Reached XP level 2. HP: 15/24 MP: 4/4
   570 | D:1      | Reached XP level 3. HP: 26/31 MP: 5/5
   762 | D:2      | Noticed a phantom
   765 | D:2      | Reached skill level 2 in Unarmed Combat
   800 | D:2      | Killed a phantom
   800 | D:2      | Reached skill level 3 in Unarmed Combat
   800 | D:2      | Reached XP level 4. HP: 14/39 MP: 0/6
   875 | D:2      | Reached XP level 5. HP: 45/45 MP: 7/7
   992 | D:2      | Slain by a gnoll

Vault maps used:
D:1:      dpeg_arrival_long_road
D:2:      minmay_roachtagon, kennysheep_jessica_study

Skill      XL: |  1  2  3 |
---------------+----------+-----
Conjurations   | 1 2 |  2.7
Unarmed Combat | 1 3 |  3.4
Dodging        | |  1.5
Stealth        | |  1.0
Spellcasting   | |  2.0
Summonings     | |  0.6
Translocations | |  0.6

Action                   |  1- 3 |  4- 6 || total
-------------------------+-------+-------++-------
Melee: Unarmed           |   111 |    34 ||   145
       Punch             |     1 |       ||     1
 Cast: Magic Dart        |     5 |       ||     5
 Stab: Sleeping          |     3 |     1 ||     4
  Eat: Chunk             |    10 |     2 ||    12
Armor: Robe              |    56 |     9 ||    65
Dodge: Dodged            |    55 |    14 ||    69

Table legend:
 A = Spawn XP
 B = Non-spawn XP
 C = Spawn XP percentage of total XP
 D = Spawn monster count
 E = Non-spawn monster count
 F = Spawn count percentage of total count
 G = Total turns spent on level
                    A         B        C        D         E        F      G
               +---------+---------+-------+---------+---------+-------+---------
         Total |       0 |     254 |   0.0 |       0 |      35 |   0.0 |   992
               +---------+---------+-------+---------+---------+-------+---------
           D:1 |       0 |      44 |   0.0 |       0 |      18 |   0.0 |   705
           D:2 |       0 |     210 |   0.0 |       0 |      17 |   0.0 |   287
               +---------+---------+-------+---------+---------+-------+---------
